 Dungeon Crawl Stone Soup version 0.27.1-15-g792fb953b9 (webtiles) character file.

Game seed: 15431186512927631646

337 spaced the Covert (level 6, -8/36 HPs)
             Began as a Vampire Brigand on Nov 20, 2021.
             Was an Initiate of Ru.
             Mangled by a yak (11 damage)
             ... on level 4 of the Dungeon on Nov 21, 2021.
             The game lasted 00:32:22 (3417 turns).

spaced the Covert (Vampire Brigand)                 Turns: 3417, Time: 00:32:23

Health: -8/36      AC:  4    Str: 16    XL:     6   Next: 28%
Magic:  5/5        EV: 13    Int: 14    God:    Ru [......]
Gold:   87         SH:  0    Dex: 17    Spells: 5/5 levels left

rFire    . . .     SeeInvis +   s - +4 rapier
rCold    + + .     Faith    .   (no shield)
rNeg     + + +     Spirit   .   b - +0 robe
rPois    ∞         Reflect  .   (helmet restricted)
rElec    .         Harm     .   c - +0 cloak
rCorr    .         Rampage  .   (no gloves)
Will     .....                  (no boots)
Stlth    ++++++....             (no amulet)
HPRegen  0.00/turn              l - +6 ring of strength
MPRegen  0.09/turn              (no ring)

@: bloodless, inhibited regen
A: bloodless, fangs 3, see invisible, vampiric 2, horns 1, low mp 1, shaggy fur
1, MP-powered wands
a: Bat Form, Revivify, Renounce Religion


You were on level 4 of the Dungeon.
You worshipped Ru.
Ru was noncommittal.
You visited 2 branches of the dungeon, and saw 5 of its levels.

You collected 87 gold pieces.

Inventory:

Hand Weapons
 a - a +2 dagger
 s - a +4 rapier (weapon)
Missiles
 d - 17 poisoned darts (quivered)
 e - 2 curare-tipped darts
 k - 2 throwing nets
Armour
 b - a +0 robe (worn)
 c - a +0 cloak (worn)
Jewellery
 l - a +6 ring of strength (left hand)
Scrolls
 f - a scroll of blinking {unknown}
 g - 2 scrolls of noise {unknown}
 h - a scroll of vulnerability
 j - 2 scrolls of teleportation
 n - a scroll of amnesia {unknown}
 o - a scroll of enchant armour {unknown}
 t - 2 scrolls of identify
Potions
 i - a potion of might {unknown}
 m - a potion of magic
 p - a potion of attraction {unknown}
 q - a potion of berserk rage {unknown}
 r - a potion of heal wounds {unknown}


   Skills:
 + Level 2.5 Fighting
 + Level 3.8 Short Blades
 + Level 1.8 Throwing
 + Level 2.4 Dodging
 + Level 9.4 Stealth


You had 5 spell levels left.
You didn't know any spells.
Your spell library contained the following spells:

 Spells                   Type           Power      Damage    Failure   Level
 Gell's Gravitas          Tloc           0%         N/A       65%         3
 Teleport Other           Tloc           0%         N/A       65%         3
 Dispersal                Tloc           0%         N/A       100%        6


Dungeon Overview and Level Annotations

Branches:
Dungeon (4/15)             Temple (1/1) D:4

Altars:
Cheibriados
Elyvilon
Gozag
Makhleb
Okawaru
Qazlal
Ru
Sif Muna
Trog
Uskayaw
Wu Jian
Xom
Yredelemnul
Zin
The Shining One

Shops:
D:1 *

Annotations:
D:4 1 transporter


Innate Abilities, Weirdness & Mutations

You do not regenerate when monsters are visible.
You are frail without blood (-20% HP).
You can heal yourself when you bite living creatures.
You are immune to poison.
You have razor-sharp teeth.
You have supernaturally acute eyesight. (SInv)
You are afflicted with vampirism and can become a bat while bloodless.
You have a pair of small horns on your head.
Your magical capacity is low. (-10% MP)
You are covered in fur. (AC +1)
You expend magic power (3 MP) to strengthen your wands.


Message History

The ball python constricts you.
You closely miss the ball python. The ball python bites you.
The ball python constricts you.
You completely miss the ball python. You headbutt the ball python.
You kill the ball python!
The yak snorts and paws the ground.
You don't know any spells.
Okay, then.
You aren't carrying any items that you can evoke.
There is a transporter here.
The orc shouts!
The yak snorts and paws the ground.
Things that are here:
a +0 dagger; a goblin skeleton
There is a stone staircase leading up here.
Press: ? - help, v - describe, . - travel
Here: a centaur, quivering arrows (fire blocked by a translucent stone wall)
The floor.
There is a transporter here.
You enter the transporter and appear at another place.
The orc warrior hits you from afar with a +0 trident!
The yak gores you. The centaur closely misses you. The centaur kicks you.
You puncture the centaur! Your headbutt misses the centaur.
You bite the centaur.
You draw the centaur's blood!
You feel better.
The centaur is severely wounded.
The centaur misses you.
The centaur kicks you but does no damage.
The orc completely misses you.
The orc warrior hits you from afar with a +0 trident.
The centaur hits you. The centaur kicks you.
You barely miss the centaur. Your headbutt misses the centaur.
The centaur is severely wounded.
The centaur hits you.
The centaur kicks you but does no damage.
The orc barely misses you.
The orc warrior hits you from afar with a +0 trident!
* * * LOW HITPOINT WARNING * * *
The yak gores you!
You die...

........#...##.....##.........>..
.<...............©...............
.###.#.......#########......⌠.⌠.⌠
## #####....##8$._$$8##.....8.8.8
# ##....#..!($$$..#..........
#.....#.#.....#.#.....#.#..
##...(#..#...#..#..........
###....#........©#..........
##......#..#@..#..#....#.....
#.......#.#cYo..#.#....#...##
##....#.#..oSo....#.......##
######.##8....=8##......##
#..#########........#
##.....©.........>.##
#####.........##### ##...#...##
#####.###


You could see a yak, 2 orc warriors, a centaur, an orc and a ball python.

Vanquished Creatures
  An ogre (D:4)
  A howler monkey (D:4)
  Natasha (twice) (D:3)
  Terence (D:3)
  An iguana (D:2)
  A hound skeleton (D:4)
  2 adders
  3 worms
  3 dart slugs
  3 orcs (D:3)
  9 endoplasms
  2 giant cockroaches
  7 goblins
  5 hobgoblins
  2 jackals (D:1)
  2 quokkas
  3 ball pythons
  3 ball python skeletons (D:2)
  4 bats
  5 frilled lizards
  7 kobolds
  6 rats
73 creatures vanquished.

Notes
Turn   | Place    | Note
-------+----------+-------------------------------------------
     0 | D:1      | spaced the Vampire Brigand began the quest for the Orb.
     0 | D:1      | Reached XP level 1. HP: 16/16 MP: 1/1
    33 | D:1      | Reached skill level 6 in Stealth
    72 | D:1      | Found Dimm's General Store.
   103 | D:1      | Reached XP level 2. HP: 22/22 MP: 2/2
   576 | D:1      | Found a faded altar of an unknown god.
   873 | D:2      | Reached skill level 7 in Stealth
   881 | D:2      | Gained mutation: You are afflicted with vampirism and can
                  | become a bat while bloodless. [Vampire growth]
   881 | D:2      | Reached XP level 3. HP: 27/27 MP: 3/3
  1013 | D:2      | Reached XP level 4. HP: 21/26 MP: 4/4
  1666 | D:3      | Found a bloodstained altar of Trog.
  1701 | D:3      | Noticed Terence
  1708 | D:3      | Killed Terence
  1709 | D:3      | Reached skill level 8 in Stealth
  1738 | D:3      | Found an opulent altar of Gozag.
  1855 | D:3      | Noticed Natasha
  1860 | D:3      | Killed Natasha
  1861 | D:3      | Reached XP level 5. HP: 30/30 MP: 5/5
  1865 | D:3      | Noticed Natasha
  1886 | D:3      | Killed Natasha
  1985 | D:3      | Gained mutation: You expend magic power (3 MP) to
                  | strengthen your wands. [potion of mutation]
  1985 | D:3      | Gained mutation: You have a pair of small horns on your
                  | head. [potion of mutation]
  1985 | D:3      | Gained mutation: Your magical capacity is low. (-10% MP)
                  | [potion of mutation]
  1985 | D:3      | Gained mutation: You are covered in fur. (AC +1) [potion of
                  | mutation]
  2233 | D:4      | Found a basalt altar of Yredelemnul.
  2235 | D:4      | Noticed a profane servitor
  2253 | D:4      | Noticed an angel
  2299 | D:4      | Noticed an ogre
  2310 | D:4      | Killed an ogre
  2311 | D:4      | Reached skill level 9 in Stealth
  2311 | D:4      | Reached XP level 6. HP: 27/36 MP: 5/5
  2683 | D:4      | Noticed an orc warrior
  2685 | D:4      | Found a shimmering altar of Xom.
  2701 | D:4      | Noticed a yak
  2703 | D:4      | Noticed an orc warrior
  2818 | D:4      | Found a transporter.
  2827 | D:4      | Found a transporter.
  2846 | D:4      | Found a staircase to the Ecumenical Temple.
  3077 | Temple   | Entered the Ecumenical Temple
  3291 | Temple   | Became a worshipper of Ru the Awakened
  3417 | D:4      | Mangled by a yak

Illustrated notes

Levels and vault maps discovered:
D:1:      tarquinn_simple_flora_water_b, layout_rooms,
          shapermc_ecumenical_altar_hornbeckon, serial_shops, shop,
          minmay_misc_feat_square, minmay_ruptured
D:2:      layout_basic, serial_undead, serial_undead_d, serial_undead_d,
          serial_undead_a, serial_undead_d
D:3:      corexii_shack_village, layout_basic,
          mainiacjoe_overflow_cross_hatched,
          nicolae_gozag_cash_rules_everything_around_me, uniq_natasha,
          uniq_terence
D:4:      cheibrodos_greedy_goblins, layout_cave_pools,
          gammafunk_temple_overflow_arena, grunt_temple_overflow_holy_war,
          vehumet_altar_wand_db, minmay_temple_entry_drinking_statues
Temple:   eino_temple_lava

Skill      XL: |  1  2  3  4  5 |
---------------+----------------+-----
Stealth        | 6 7 8 9 |  9.4
Fighting       | 2 |  2.5
Short Blades   | 3 |  3.8
Dodging        | 2 |  2.4
Throwing       | |  1.8

Action                   |  1- 3 |  4- 6 || total
-------------------------+-------+-------++-------
Melee: Dagger            |    84 |   102 ||   186
       Bite              |     5 |    10 ||    15
       Headbutt          |       |    13 ||    13
       Rapier            |       |     8 ||     8
Throw: Dart              |    10 |       ||    10
 Abil: Exsanguinate      |     1 |       ||     1
  Use: Scroll            |       |     4 ||     4
       Potion            |       |     1 ||     1
 Stab: Sleeping          |    11 |    16 ||    27
Armor: Robe              |     8 |    16 ||    24
Dodge: Dodged            |    42 |    57 ||    99
